3L
PANAMA CITY PIRANHAS @ MONTANA PANDAS
07/30/2041
 
TOP OF THE 1ST
Panama City Piranhas batting - Pitching for Montana Pandas : RHP Rémi Ribeiro
Pitching: RHP Rémi Ribeiro
Batting: LHB Oasiz Wiesblatt 0-0: Called Strike
0-1: Ball
1-1: Fly out, F8 (Flyball, 78D, EV 108.8 MPH)
Batting: RHB Cleveland Kraut 0-0: Fly out, F7 (Line Drive, 7, EV 90.0 MPH)
Batting: RHB Hyeon-cheong Kim 0-0: SINGLE (Groundball, 56D, EV 103.1 MPH)
Batting: RHB Blaze Alexander 0-0: Ground out 5-3 (Groundball, 56S, EV 79.4 MPH)
Top of the 1st over - 0 runs, 1 hit, 0 errors, 1 left on base; Panama City 0 - Montana 0
BOTTOM OF THE 1ST
Montana Pandas batting - Pitching for Panama City Piranhas : RHP Román Mejía
Pitching: RHP Román Mejía
Batting: SHB Manu Pakkarinen 0-0: Ball
1-0: SINGLE (Groundball, 4MD, EV 100.6 MPH)
Batting: RHB Eikki Kankaanperä 0-0: Ball
1-0: Ball
2-0: Swinging Strike
2-1: Ball
3-1: Foul Ball, location: 2F
3-2: Strikes out swinging
Batting: SHB Chris Piña 0-0: Ball
1-0: SINGLE (Line Drive, 89S, EV 93.8 MPH)
Manu Pakkarinen to second
Runner from 2nd tries for 3rd, SAFE, no throw by RF
Batting: LHB DeMarvion Overshown 0-0: Hit by Pitch
Chris Piña to second
Batting: RHB Edgar Baeza 0-0: Called Strike
0-1: Foul Ball, location: 2F
0-2: Ball
1-2: Ball
2-2: Grounds into fielders choice 1-2 (Groundball, P, EV 83.1 MPH)
Chris Piña to third
DeMarvion Overshown to second
Batting: SHB Dylan Carson 0-0: Foul Ball, location: 2F
0-1: Ball
1-1: Ball
2-1: Called Strike
2-2: Foul Ball, location: 2F
2-2: Ball
3-2: Base on Balls
Chris Piña scores
DeMarvion Overshown to third
Edgar Baeza to second
Batting: RHB Martín Talia 0-0: Fly out, F8 (Flyball, 89XD, EV 96.2 MPH)
Bottom of the 1st over - 1 run, 2 hits, 0 errors, 3 left on base; Panama City 0 - Montana 1
TOP OF THE 2ND
Panama City Piranhas batting - Pitching for Montana Pandas : RHP Rémi Ribeiro
Batting: LHB Ji-e Loh 0-0: Called Strike
0-1: Ball
1-1: Foul Ball, location: 2F
1-2: Ball
2-2: Ground out 4-3 (Groundball, 4, EV 86.9 MPH)
Batting: RHB Kieran Hansen 0-0: SINGLE (Line Drive, 78S, EV 96.2 MPH)
Batting: LHB Ashley Thachi 0-0: Swinging Strike
0-1: Foul Ball, location: 2F
0-2: Ball
1-2: Strikes out swinging
Batting: RHB Carsello Scruggins 0-0: Ball
1-0: Swinging Strike
1-1: Ball
2-1: Ball
3-1: Fly out, F8 (Flyball, 8LD, EV 100.0 MPH)
Top of the 2nd over - 0 runs, 1 hit, 0 errors, 1 left on base; Panama City 0 - Montana 1
BOTTOM OF THE 2ND
Montana Pandas batting - Pitching for Panama City Piranhas : RHP Román Mejía
Batting: RHB Nick Harper 0-0: Hit by Pitch
Batting: RHB Felix Plugge 0-0: Ball
1-0: Fielders Choice at 2nd, 6-4 (Groundball, 6, EV 83.8 MPH)
Batting: SHB Manu Pakkarinen 0-0: Ball
1-0: Foul Ball, location: 2F
1-1: Ball
2-1: Called Strike
2-2: Ball
3-2: Fly out, F7 (Flyball, 7LS, EV 88.1 MPH)
Batting: RHB Eikki Kankaanperä 0-0: Fly out, F9 (Flyball, 9D, EV 92.5 MPH)
Bottom of the 2nd over - 0 runs, 0 hits, 0 errors, 1 left on base; Panama City 0 - Montana 1
TOP OF THE 3RD
Panama City Piranhas batting - Pitching for Montana Pandas : RHP Rémi Ribeiro
Batting: RHB Luke Thornton 0-0: Ball
1-0: Foul Ball, location: 2F
1-1: Swinging Strike
1-2: Fly out, F8 (Line Drive, 8RM, EV 92.5 MPH)
Batting: LHB Oasiz Wiesblatt 0-0: Ball
1-0: Foul Ball, location: 2F
1-1: Ball
2-1: Foul Ball, location: 2F
2-2: Foul Ball, location: 2F
2-2: SINGLE (Line Drive, 9S, EV 99.4 MPH)
Batting: RHB Cleveland Kraut 0-0: Fly out, F9 (Flyball, 89M, EV 80.0 MPH)
Batting: RHB Hyeon-cheong Kim 0-0: Called Strike
0-1: Ball
1-1: Called Strike
1-2: SINGLE (Groundball, 34D, EV 100.0 MPH)
Oasiz Wiesblatt to second
Batting: RHB Blaze Alexander 0-0: 3-RUN HOME RUN (Line Drive, 9D, EV 103.1 MPH), Distance : 357 ft
Batting: LHB Ji-e Loh 0-0: SINGLE (Groundball, 4S, EV 78.1 MPH) (infield hit)
Batting: RHB Kieran Hansen 0-0: Ball
1-0: Foul Ball, location: 2F
1-1: Ball
2-1: Fly out, F9 (Flyball, 9D, EV 93.1 MPH)
Top of the 3rd over - 3 runs, 4 hits, 0 errors, 1 left on base; Panama City 3 - Montana 1
BOTTOM OF THE 3RD
Montana Pandas batting - Pitching for Panama City Piranhas : RHP Román Mejía
Batting: SHB Chris Piña 0-0: Ball
1-0: Ball
2-0: Ball
3-0: Base on Balls
Batting: LHB DeMarvion Overshown 0-0: Called Strike
0-1: 2-RUN HOME RUN (Flyball, 9LD, EV 95.0 MPH), Distance : 334 ft
Batting: RHB Edgar Baeza 0-0: Ball
1-0: Ball
2-0: Ball
3-0: Base on Balls
Batting: SHB Dylan Carson 0-0: Foul Ball, location: 2F
0-1: Ball
1-1: Fielders Choice at 2nd, 1-6 (Groundball, P, EV 86.2 MPH)
Batting: RHB Martín Talia 0-0: Ball
1-0: Ground out 5-3 (Groundball, 56S, EV 61.9 MPH)
Dylan Carson to second
Batting: RHB Nick Harper 0-0: Called Strike
0-1: Foul Ball, location: 2F
0-2: Strikes out swinging
Bottom of the 3rd over - 2 runs, 1 hit, 0 errors, 1 left on base; Panama City 3 - Montana 3
TOP OF THE 4TH
Panama City Piranhas batting - Pitching for Montana Pandas : RHP Rémi Ribeiro
Batting: LHB Ashley Thachi 0-0: Foul Ball, location: 2F
0-1: Foul Ball, location: 2F
0-2: Ground out 4-3 (Groundball, 4, EV 95.0 MPH)
Batting: RHB Carsello Scruggins 0-0: Called Strike
0-1: Swinging Strike
0-2: Ball
1-2: Fly out, F9 (Flyball, 9LMF, EV 91.9 MPH)
Batting: RHB Luke Thornton 0-0: Ball
1-0: SINGLE (Groundball, 56D, EV 96.9 MPH)
Batting: LHB Oasiz Wiesblatt 0-0: Called Strike
0-1: Foul Ball, location: 2F
0-2: Ball
1-2: Foul Ball, location: 2F
1-2: Foul Ball, location: 2F
1-2: Ball
2-2: Ground out 1-3 (Groundball, 34S, EV 90.6 MPH)
Top of the 4th over - 0 runs, 1 hit, 0 errors, 1 left on base; Panama City 3 - Montana 3
BOTTOM OF THE 4TH
Montana Pandas batting - Pitching for Panama City Piranhas : RHP Román Mejía
Batting: RHB Felix Plugge 0-0: Foul Ball, location: 2F
0-1: Fly out, F8 (Flyball, 8RD, EV 104.4 MPH)
Batting: SHB Manu Pakkarinen 0-0: SINGLE (Groundball, 15S, EV 71.2 MPH) (infield hit)
Batting: RHB Eikki Kankaanperä 0-0: Fly out, F8 (Line Drive, 8LD, EV 88.8 MPH)
Batting: SHB Chris Piña 0-0: Called Strike
0-1: Ball
1-1: Ball
2-1: Foul Ball, location: 2F
2-2: Ground out U3 (Groundball, 3S, EV 86.9 MPH)
Bottom of the 4th over - 0 runs, 1 hit, 0 errors, 1 left on base; Panama City 3 - Montana 3
TOP OF THE 5TH
Panama City Piranhas batting - Pitching for Montana Pandas : RHP Rémi Ribeiro
Batting: RHB Cleveland Kraut 0-0: Ball
1-0: Foul Ball, location: 2F
1-1: Called Strike
1-2: Fly out, F8 (Line Drive, 8LM, EV 112.5 MPH)
Batting: RHB Hyeon-cheong Kim 0-0: Ground out 4-3 (Groundball, 4MS, EV 81.9 MPH)
Batting: RHB Blaze Alexander 0-0: Ball
1-0: Ball
2-0: Foul Ball, location: 2F
2-1: Swinging Strike
2-2: Fly out, F7 (Line Drive, 7, EV 98.8 MPH)
Top of the 5th over - 0 runs, 0 hits, 0 errors, 0 left on base; Panama City 3 - Montana 3
BOTTOM OF THE 5TH
Montana Pandas batting - Pitching for Panama City Piranhas : RHP Román Mejía
Batting: LHB DeMarvion Overshown 0-0: Called Strike
0-1: Foul Ball, location: 2F
0-2: Foul Ball, location: 2F
0-2: Foul Ball, location: 2F
0-2: Ball
1-2: SOLO HOME RUN (Flyball, 78XD, EV 103.1 MPH), Distance : 379 ft
Batting: RHB Edgar Baeza 0-0: Swinging Strike
0-1: Ball
1-1: Ball
2-1: Ground out 6-3 (Groundball, 4MS, EV 65.6 MPH)
Batting: SHB Dylan Carson 0-0: Ball
1-0: Fly out, F7 (Flyball, 78S, EV 85.0 MPH)
Batting: RHB Martín Talia 0-0: Ball
1-0: Ball
2-0: Fly out, F6 (Popup, 6, EV 60.0 MPH)
Bottom of the 5th over - 1 run, 1 hit, 0 errors, 0 left on base; Panama City 3 - Montana 4
TOP OF THE 6TH
Panama City Piranhas batting - Pitching for Montana Pandas : RHP Rémi Ribeiro
Batting: LHB Ji-e Loh 0-0: Called Strike
0-1: Ball
1-1: Called Strike
1-2: Fly out, F7 (Line Drive, 7, EV 98.8 MPH)
Batting: RHB Kieran Hansen 0-0: Called Strike
0-1: Foul Ball, location: 2F
0-2: Foul Ball, location: 2F
0-2: Ball
1-2: Ground out 2-3 (Groundball, 13S, EV 68.1 MPH)
Batting: LHB Ashley Thachi 0-0: Foul Ball, location: 2F
0-1: Foul Ball, location: 2F
0-2: Ball
1-2: Foul Ball, location: 2F
1-2: DOUBLE (Groundball, 3L, EV 101.2 MPH)
Batting: RHB Carsello Scruggins 0-0: Fly out, F8 (Flyball, 8LD, EV 96.9 MPH)
Top of the 6th over - 0 runs, 1 hit, 0 errors, 1 left on base; Panama City 3 - Montana 4
BOTTOM OF THE 6TH
Montana Pandas batting - Pitching for Panama City Piranhas : RHP Román Mejía
Batting: RHB Nick Harper 0-0: Foul Ball, location: 2F
0-1: Ball
1-1: Swinging Strike
1-2: Ball
2-2: Strikes out swinging
Batting: RHB Felix Plugge 0-0: Called Strike
0-1: Ball
1-1: Ground out 6-3 (Groundball, 6M, EV 101.9 MPH)
Batting: SHB Manu Pakkarinen 0-0: Called Strike
0-1: SINGLE (Groundball, 34D, EV 111.2 MPH)
Batting: RHB Eikki Kankaanperä 0-0: Ball
Manu Pakkarinen steals 2nd base
1-0: Called Strike
1-1: Ground out 5-3 (Groundball, 56S, EV 81.2 MPH)
Bottom of the 6th over - 0 runs, 1 hit, 0 errors, 1 left on base; Panama City 3 - Montana 4
TOP OF THE 7TH
Panama City Piranhas batting - Pitching for Montana Pandas : RHP Rémi Ribeiro
Batting: RHB Luke Thornton 0-0: Ball
1-0: Called Strike
1-1: Foul Ball, location: 2F
1-2: Foul Ball, location: 2F
1-2: Foul Ball, location: 2F
1-2: Ball
2-2: SINGLE (Groundball, 6MD, EV 102.5 MPH)
Pitching: RHP Karl Dandleton
Batting: LHB Oasiz Wiesblatt 0-0: Ball
1-0: Fly out, F8 (Flyball, 8LD, EV 98.8 MPH)
Batting: RHB Cleveland Kraut 0-0: Swinging Strike
0-1: Called Strike
0-2: Strikes out looking
Batting: RHB Hyeon-cheong Kim 0-0: SINGLE (Groundball, 6MD, EV 95.0 MPH)
Luke Thornton to second
Runner from 2nd tries for 3rd, SAFE, throw by CF made to third
Batting: RHB Blaze Alexander 0-0: Called Strike
0-1: Foul Ball, location: 2F
0-2: Foul Ball, location: 2F
0-2: Ball
1-2: Foul Ball, location: 2F
1-2: Ball
2-2: Strikes out swinging
Top of the 7th over - 0 runs, 2 hits, 0 errors, 2 left on base; Panama City 3 - Montana 4
BOTTOM OF THE 7TH
Montana Pandas batting - Pitching for Panama City Piranhas : RHP Román Mejía
Batting: SHB Chris Piña 0-0: Fly out, F8 (Flyball, 8RXD, EV 86.9 MPH)
Batting: LHB DeMarvion Overshown 0-0: Ball
1-0: Swinging Strike
1-1: Foul Ball, location: 2F
1-2: Ball
2-2: Ball
3-2: Foul Ball, location: 2F
3-2: Base on Balls
Pitching: RHP Jonathan Lentz
Batting: RHB Edgar Baeza 0-0: Ball
1-0: Swinging Strike
1-1: Ball
2-1: Ball
3-1: Foul Ball, location: 2F
3-2: Foul Ball, location: 2F
3-2: Strikes out swinging
Batting: SHB Dylan Carson 0-0: Ball
1-0: Called Strike
1-1: DOUBLE (Line Drive, 7LM, EV 103.8 MPH)
DeMarvion Overshown to third
Batting: RHB Martín Talia 0-0: Called Strike
0-1: Called Strike
0-2: Foul Ball, location: 2F
0-2: Strikes out swinging
Bottom of the 7th over - 0 runs, 1 hit, 0 errors, 2 left on base; Panama City 3 - Montana 4
TOP OF THE 8TH
Panama City Piranhas batting - Pitching for Montana Pandas : RHP Karl Dandleton
Now in CF: Puck Schit
Batting: LHB Ji-e Loh 0-0: Foul Ball, location: 2F
0-1: Ball
1-1: Ball
2-1: Ball
3-1: Base on Balls
Batting: RHB Kieran Hansen 0-0: Ball
1-0: Called Strike
1-1: Ball
2-1: Foul Ball, location: 2F
2-2: Foul Ball, location: 2F
2-2: Ball
3-2: Base on Balls
Ji-e Loh to second
Batting: LHB Ashley Thachi 0-0: Foul Ball, location: 2F
0-1: Ball
1-1: Foul Ball, location: 2F
1-2: Ball
2-2: Foul Ball, location: 2F
2-2: Strikes out swinging
Pitching: RHP Randy Gabaldon
Batting: RHB Carsello Scruggins 0-0: Called Strike
0-1: Foul Ball, location: 2F
0-2: Ball
1-2: Hit by Pitch
Ji-e Loh to third
Kieran Hansen to second
Batting: RHB Luke Thornton 0-0: Swinging Strike
0-1: Called Strike
0-2: Strikes out swinging
Batting: LHB Oasiz Wiesblatt 0-0: Ball
1-0: Called Strike
1-1: Ground out 6-3 (Groundball, 6MD, EV 100.6 MPH)
Top of the 8th over - 0 runs, 0 hits, 0 errors, 3 left on base; Panama City 3 - Montana 4
BOTTOM OF THE 8TH
Montana Pandas batting - Pitching for Panama City Piranhas : RHP Jonathan Lentz
Batting: RHB Nick Harper 0-0: Foul Ball, location: 2F
0-1: Foul Ball, location: 2F
0-2: Ball
1-2: Ball
2-2: Strikes out looking
Batting: RHB Felix Plugge 0-0: SINGLE (Groundball, 6D, EV 101.9 MPH)
Batting: SHB Manu Pakkarinen 0-0: Ball
1-0: Ball
2-0: SINGLE (Groundball, 56D, EV 106.9 MPH)
Felix Plugge to second
Batting: RHB Eikki Kankaanperä 0-0: Ground out 5-3 (Groundball, 56S, EV 85.0 MPH)
Felix Plugge to third
Manu Pakkarinen to second
Batting: SHB Chris Piña 0-0: Ball
1-0: Foul Ball, location: 2F
1-1: Ball
2-1: Foul Ball, location: 2F
2-2: Foul Ball, location: 2F
2-2: Foul Ball, location: 2F
2-2: Fly out, F8 (Flyball, 8LM, EV 76.9 MPH)
Bottom of the 8th over - 0 runs, 2 hits, 0 errors, 2 left on base; Panama City 3 - Montana 4
TOP OF THE 9TH
Panama City Piranhas batting - Pitching for Montana Pandas : RHP Randy Gabaldon
Now at 2B: Júlio Rodríguez
Batting: RHB Cleveland Kraut 0-0: DOUBLE (Line Drive, 89XD, EV 103.1 MPH)
Batting: RHB Hyeon-cheong Kim 0-0: Ball
1-0: Ground out 1-3 (Groundball, 15S, EV 70.0 MPH)
Batting: RHB Blaze Alexander 0-0: Ball
1-0: Ball
2-0: Ball
3-0: Base on Balls
Batting: LHB Ji-e Loh 0-0: Called Strike
0-1: Foul Ball, location: 2F
0-2: Foul Ball, location: 2F
0-2: Ball
1-2: Ball
2-2: Ball
3-2: Strikes out swinging
Batting: RHB Kieran Hansen 0-0: Ball
1-0: Foul Ball, location: 2F
1-1: Foul Ball, location: 2F
1-2: DOUBLE (Line Drive, 78D, EV 106.2 MPH)
Cleveland Kraut scores
Blaze Alexander to third
Runner from 3rd tries for Home, SAFE, no throw by CF
Batting: LHB Ashley Thachi 0-0: Fly out, F7 (Line Drive, 7, EV 109.4 MPH)
Top of the 9th over - 2 runs, 2 hits, 0 errors, 1 left on base; Panama City 5 - Montana 4
BOTTOM OF THE 9TH
Montana Pandas batting - Pitching for Panama City Piranhas : RHP Jonathan Lentz
Batting: LHB DeMarvion Overshown 0-0: Called Strike
0-1: Swinging Strike
0-2: Foul Ball, location: 2F
0-2: Ball
1-2: Strikes out swinging
Batting: RHB Edgar Baeza 0-0: Called Strike
0-1: Foul Ball, location: 2F
0-2: Ball
1-2: Ball
2-2: Ground out 6-3 (Groundball, 6, EV 85.6 MPH)
Batting: LHB Puck Schit 0-0: Ground out 4-3 (Groundball, 34, EV 101.9 MPH)
Bottom of the 9th over - 0 runs, 0 hits, 0 errors, 0 left on base; Panama City 5 - Montana 4
Tuesday, January 5th, 2021 - OOTP Baseball 20.8 Build 74